AoeStats
← lordvios

Arena

507812735Analyzed
4v4 RM · 12d ago on Sep 19, 2026· 44m 38s· 8 players
Game mode
Random Map
Map size
Large (8 player)
Population
200
Speed
Normal
Resources
Standard
Victory
Conquest
Starting age
Dark Age
Ending age
Imperial Age
RankedLock teamsTeams togetherTeam positionsShared explorationLock speedFull tech treeHidden civsTurbo modeCheats
Victory
Defeat
🇨🇱 Aztecs · Chile
860
+11
🇹🇷 Mongols · Türkiye
838
+11
🇩🇪 Cumans · Germany
819
+12
🇹🇷 Slavs · Türkiye
657
+19
🇬🇧 Malay · United Kingdom
774
-15
🇧🇷 Malay · Brazil
742
-14
🇲🇽 Aztecs · Mexico
727
-13
🇨🇷 Bohemians · Costa Rica
687
-11
[ GG ] | HellBLaZeR |
1:45 Loom
12:52 Feudal Age
16:49 Castle Age
16:38 Double-Bit Axe
16:45 Gold Mining
16:48 Stone Mining
23:12 Wheelbarrow
28:28 Imperial Age
27:02 Forging
27:31 Horse Collar
28:30 Stone Shaft Mining
28:09 Bow Saw
28:59 Iron Casting
28:47 Man-at-Arms
29:52 Conscription
29:28 Long Swordsman
30:43 Hand Cart
30:50 Hand Cart
31:02 Heavy Plow
31:22 Two-Handed Swordsman
33:27 Blast Furnace
36:26 Crop Rotation
35:49 Arson
39:13 Forced Levy
Wobbuffet3383
0:44 Loom
12:10 Feudal Age
13:54 Horse Collar
14:11 Double-Bit Axe
16:19 Man-at-Arms
adz0615
13:32 Feudal Age
18:27 Castle Age
16:36 Double-Bit Axe
18:55 Bow Saw
18:23 Crossbowman
27:24 Thumb Ring
30:53 Caravan
34:15 Imperial Age
33:55 Forced Levy
34:16 Conscription
35:00 Chemistry
33:41 Treadmill Crane
33:25 Man-at-Arms
34:43 Padded Archer Armor
34:53 Forging
34:12 Arbalester
35:57 Wheelbarrow
35:54 Horse Collar
36:28 Long Swordsman
38:23 Elite Karambit Warrior
38:42 Two-Handed Swordsman
42:07 Leather Archer Armor
42:28 Iron Casting
42:18 Bombard Tower
lordvios
11:26 Feudal Age
18:02 Castle Age
16:45 Double-Bit Axe
18:13 Loom
23:14 Wheelbarrow
22:27 Town Watch
24:16 Horse Collar
24:50 Bow Saw
27:32 Hand Cart
27:21 Town Patrol
31:32 Imperial Age
29:31 Gold Mining
29:31 Stone Mining
29:51 Gambesons
30:07 Squires
29:28 Eagle Warrior
30:42 Heavy Plow
32:54 Conscription
32:24 Elite Eagle Warrior
33:25 Forging
33:15 Scale Mail Armor
34:17 Pikeman
34:43 Arson
38:21 Elite Skirmisher
39:10 Atlatl
Bossman 9
10:22 Loom
12:34 Feudal Age
15:25 Double-Bit Axe
19:32 Castle Age
18:31 Forging
19:41 Pikeman
24:16 Gold Mining
24:27 Stone Mining
28:42 Wheelbarrow
30:39 Imperial Age
29:24 Sanctity
29:22 Fervor
31:53 Conscription
32:12 Theocracy
31:54 Block Printing
34:35 Redemption
35:25 Gold Shaft Mining
35:50 Garland Wars
37:55 Murder Holes
39:24 Iron Casting
38:50 Scale Mail Armor
41:05 Elite Skirmisher
43:46 Blast Furnace
43:02 Chain Mail Armor
42:37 Fletching
42:48 Padded Archer Armor
43:48 Horse Collar
Stoner
10:26 Feudal Age
16:35 Scale Mail Armor
16:51 Man-at-Arms
20:16 Double-Bit Axe
25:06 Castle Age
23:57 Horse Collar
26:50 Bow Saw
28:05 Stone Mining
28:39 Heavy Plow
29:06 Gold Mining
30:59 Gold Shaft Mining
31:09 Wheelbarrow
36:14 Imperial Age
34:17 Fletching
34:27 Padded Archer Armor
34:33 Scale Barding Armor
34:28 Town Watch
34:29 Loom
35:05 Steppe Husbandry
35:40 Bodkin Arrow
36:00 Leather Archer Armor
37:06 Bloodlines
37:28 Chain Barding Armor
37:37 Ballistics
37:57 Conscription
37:39 Cuman Mercenaries
39:04 Chemistry
38:37 Ring Archer Armor
38:17 Thumb Ring
38:50 Elite Kipchak
41:00 Two-Man Saw
41:31 Crop Rotation
42:27 Plate Barding Armor
42:05 Cuman Mercenaries
bonduar
10:58 Feudal Age
16:02 Castle Age
15:08 Double-Bit Axe
15:09 Horse Collar
22:34 Wheelbarrow
29:58 Imperial Age
28:44 Stone Mining
28:45 Gold Mining
30:23 Ballistics
31:54 Gold Shaft Mining
31:57 Stone Shaft Mining
31:52 Elite Mangudai
32:57 Padded Archer Armor
35:09 Chemistry
35:07 Heavy Plow
35:27 Leather Archer Armor
35:03 Fletching
37:42 Bodkin Arrow
37:58 Forging
40:19 Caravan
40:50 Coinage
hawyak12
1:14 Loom
15:32 Feudal Age
17:14 Wheelbarrow
16:24 Town Watch
16:29 Double-Bit Axe
16:27 Horse Collar
16:41 Gold Mining
16:42 Stone Mining
22:06 Castle Age
20:58 Forging
20:50 Scale Mail Armor
22:07 Padded Archer Armor
22:13 Scale Barding Armor
24:13 Hand Cart
23:59 Town Patrol
24:35 Bow Saw
25:25 Coinage
25:05 Heavy Plow
26:36 Gold Shaft Mining
28:49 Squires
28:10 Pikeman
35:25 Imperial Age
33:48 Masonry
33:34 Murder Holes
33:49 Fortified Wall
34:19 Guard Tower
35:37 Detinets
35:43 Fletching
37:54 Crop Rotation
38:28 Two-Man Saw
37:48 Chain Mail Armor
39:25 Plate Mail Armor
38:52 Bodkin Arrow
39:40 Sappers
40:44 Siege Engineers
41:00 Ballistics
40:51 Caravan
40:55 Halberdier
42:48 Hoardings
42:35 Conscription
43:15 Druzhina
44:00 Elite Boyar
45:10 Leather Archer Armor
Connection lost

Rejoining the realm…

Still unreachable

The connection could not be restored.

Session expired

The server has moved on; the page needs a fresh start.